 Dungeon Crawl Stone Soup version 0.30-a0-371-gad7725a93e (webtiles) character file.

Game seed: 17534242040955954749

286002 themarg the Eclecticist (level 19, -28/229 HPs)
             Began as a Black Draconian Conjurer on Nov 20, 2022.
             Was the Champion of Hepliaklqana.
             Killed from afar by a frost giant (61 damage)
             ... with a bolt of cold
             ... on level 4 of the Depths.
             The game lasted 05:03:31 (59495 turns).

themarg the Eclecticist (Black Draconian Conjurer) Turns: 59495, Time: 05:03:31

Health: -28/229    AC: 24    Str: 19    XL:     19   Next: 82%
Magic:  14/47      EV:  9    Int: 26    God:    Hepliaklqana [******]
Gold:   1311       SH:  0    Dex: 11    Spells: 3/49 levels left

rFire   . . .      SeeInvis .    (weapon currently unavailable)
rCold   . . .      Faith    .    (shield currently unavailable)
rNeg    . . .      Spirit   .    (body armour unavailable)
rPois   +          Reflect  .    (helmet currently unavailable)
rElec   +          Harm     .    (cloak currently unavailable)
rCorr   .          Rampage  .    (gloves currently unavailable)
Will    .....                    (boots currently unavailable)
Stlth   ++........               T - amulet of magic regeneration
HPRegen 0.58/turn                J - ring of magical power
MPRegen 0.70/turn                E - +4 ring of protection

@: about to teleport, dragon-form, weak-willed, flying, unable to drink
A: dragon claw, dragon scales, flying, boosted hp, reduced essence, breathe
lightning, AC +10, giant, unfitting armour, (big wings), electricity resistance,
(cold-blooded), (shaggy fur 1), inability to drink after injury 1
}: 2/15 runes: barnacled, gossamer
a: Breathe Lightning, End Transformation, Renounce Religion, Recall Ancestor,
Ancestor Identity, Transference, Idealise


You were on level 4 of the Depths.
You worshipped Hepliaklqana.
Hepliaklqana was exalted by your worship.
You were a fearsome storm dragon!
You visited 7 branches of the dungeon, and saw 35 of its levels.

You collected 3272 gold pieces.
You spent 1961 gold pieces at shops.

Inventory:

Hand Weapons
 a - the +2 mace "Riybbypa" {vorpal, Drain rN++ Str+5}
   (You found it on level 1 of the Depths)

   It inflicts extra damage upon your enemies.
   Str:       It affects your strength (+5).
   rN:        It greatly protects you from negative energy.
   Drain:     It drains your maximum health when unequipped.
Missiles
 q - 5 throwing nets
 s - 4 boomerangs of dispersal
 y - 33 boomerangs
 A - 2 atropa-tipped darts
 N - 24 javelins
 Q - 9 silver javelins
 U - 3 silver boomerangs
Armour
 g - the +4 kite shield "Xuwutir" (melded) {+Inv Slay+2}
   (You acquired it on level 15 of the Dungeon)

   Slay:      It affects your accuracy & damage with ranged weapons and melee
   (+2).
   +Inv:      It lets you turn invisible.
 H - a +2 hat (melded)
 K - a +2 pair of gloves (melded)
 R - the +0 pair of boots of Kaamme (melded) {rC+}
   (You found it on level 10 of the Dungeon)

   rC:        It protects you from cold.
 X - a +2 cloak (melded)
Magical Staves
 b - a staff of air (melded)
Jewellery
 d - a +6 ring of dexterity
 E - a +4 ring of protection (right foreclaw)
 J - a ring of magical power (left foreclaw)
 T - an amulet of magic regeneration (around neck)
Wands
 u - a wand of polymorph (4)
 x - a wand of mindburst (12)
 O - a wand of iceblast (23)
 P - a wand of acid (19)
 V - a wand of flame (26)
 Z - a wand of paralysis (20)
Scrolls
 e - 5 scrolls of fear
 i - 3 scrolls of butterflies
 k - 5 scrolls of amnesia
 l - 10 scrolls of enchant weapon
 o - 2 scrolls of poison
 w - 3 scrolls of magic mapping
 F - 3 scrolls of torment
 I - 3 scrolls of brand weapon
 L - 12 scrolls of teleportation
 M - 3 scrolls of blinking
 S - a scroll of silence
 Y - 5 scrolls of vulnerability
Potions
 c - 6 potions of might
 f - a potion of resistance
 h - 14 potions of curing
 m - 7 potions of heal wounds
 p - 9 potions of haste
 r - a potion of cancellation
 t - a potion of mutation
 v - a potion of magic
 z - 5 potions of invisibility
 B - 8 potions of brilliance
 C - 10 potions of lignification
 D - 7 potions of attraction
 G - a potion of ambrosia
Miscellaneous
 j - a phantom mirror
 n - a box of beasts
 W - a tin of tremorstones (2/2)


   Skills:
 + Level 15.2 Fighting
 - Level 7.0 Dodging
 - Level 4.1 Stealth
 - Level 7.0 Shields
 + Level 15.5 Spellcasting
 - Level 12.0 Conjurations
 - Level 3.0 Hexes
 - Level 5.0 Necromancy
 - Level 7.0 Translocations
 * Level 14.4 Transmutations
 - Level 7.0 Ice Magic
 - Level 15.0 Air Magic
 + Level 14.5 Invocations
 + Level 6.3 Evocations


You had 3 spell levels left.
You knew the following spells:

 Your Spells              Type           Power      Damage    Failure   Level
a - Magic Dart            Conj           100%       1d8       1%          1
b - Searing Ray           Conj           100%       2d8       1%          2
c - Dazzling Flash        Conj/Hex       100%       N/A       1%          3
d - Fulminant Prism       Conj/Hex       28%        3d14      1%          4
e - Iskenderun's Mystic   Conj/Tloc      62%        2d13      1%          4
f - Irradiate             Conj/Tmut      36%        3d23      1%          5
g - Freezing Cloud        Conj/Ice/Air   34%        6-21      1%          5
h - Storm Form            Tmut/Air       38%        N/A       5%          7
i - Manifold Assault      Tloc           54%        N/A       1%          4
j - Dragon Form           Tmut           38%        N/A       6%          7
y - Blink                 Tloc           100%       N/A       1%          2
z - Sublimation of Blood  Necr           46%        N/A       1%          2

Your spell library contained the following spells:

 Spells                   Type           Power      Damage    Failure   Level
 Apportation              Tloc           100%       N/A       1%          1
 Kiss of Death            Conj/Necr      100%       2d13      1%          1
 Cigotuvi's Dreadful Rot  Necr/Pois/Air  100%       N/A       1%          2
 Momentum Strike          Conj/Tloc      100%       3d10      1%          2
 Poisonous Vapours        Pois/Air       100%       N/A       1%          2
 Gell's Gravitas          Tloc           54%        N/A       1%          3
 Ignite Poison            Fire/Tmut/Pois 45%        N/A       1%          3
 Kindle Blastsparks       Fire/Tloc/Air  100%       2d18      1%          3
 Lesser Beckoning         Tloc           100%       N/A       1%          3
 Mephitic Cloud           Conj/Pois/Air  61%        N/A       1%          3
 Stone Arrow              Conj/Erth      100%       3d13      1%          3
 Teleport Other           Tloc           54%        N/A       1%          3
 Summon Small Mammal      Summ           80%        N/A       2%          1
 Confusing Touch          Hex            35%        N/A       2%          3
 Summon Guardian Golem    Hex/Summ       27%        N/A       4%          3
 Call Canine Familiar     Summ           20%        N/A       8%          3
 Petrify                  Tmut/Erth      55%        N/A       1%          4
 Blade Hands              Tmut           38%        N/A       1%          5
 Yara's Violent Unravell  Hex/Tmut       30%        3d13      1%          5
 Animate Dead             Necr           46%        N/A       3%          4
 Dispel Undead            Necr           46%        3d18      3%          4
 Alistair's Intoxication  Tmut/Pois      36%        N/A       3%          5
 Dispersal                Tloc           27%        N/A       22%         6
 Olgreb's Toxic Radiance  Pois           20%        N/A       26%         4
 Ozocubu's Refrigeration  Ice            27%        4d13      77%         7
 Enfeeble                 Hex            17%        N/A       100%        7
 Haunt                    Necr/Summ      16%        N/A       100%        7
 Ignition                 Fire           10%        3d5       100%        8
 Infestation              Necr           23%        N/A       100%        8
 Lehudib's Crystal Spear  Conj/Erth      25%        10d7      100%        8
 Animate Armour           Summ/Erth      Unusable   N/A       N/A         4

Dungeon Overview and Level Annotations

Branches:
Dungeon (15/15)            Temple (1/1) D:4            Lair (5/5) D:10
 Shoals (4/4) Lair:3       Spider (4/4) Lair:3        Slime (0/5) Lair:5
    Orc (2/2) D:11            Elf (0/3) Orc:2        Vaults (0/5) D:13
 Depths (4/4) D:15
    Zot: Depths:4

Altars:
Ashenzari
Cheibriados
Dithmenos
Elyvilon
Fedhas
Gozag
Hepliaklqana
Kikubaaqudgha
Makhleb
Nemelex Xobeh
Okawaru
Qazlal
Ru
Sif Muna
Trog
Uskayaw
Vehumet
Wu Jian
Xom
Yredelemnul
Zin
The Shining One

Shops:
D:14 (   D:15 ***(   Orc:2 [?::[**(*   Shoals:4 :

Portals:
Hell: Depths:1 Depths:2* Depths:3
Abyss: Depths:2 Depths:3
Pandemonium: Depths:2
Ziggurat: Depths:2

Annotations:
Lair:5 exclusion: obsidian statue
Shoals:2 Roxanne
Spider:3 2 transporters, Zonian's ghost, adept DjIE
Depths:1 exclusion: door


Innate Abilities, Weirdness & Mutations

You are a fearsome storm dragon!
You have a powerful clawing attack.
Your giant scaled body is strong and resiliant, but less evasive.
Your breath weapon is enhanced in this form.
You are flying.
Your maximum health is greatly increased.
Your armour is entirely melded.
You are incapable of wielding weapons or throwing items.
Your life essence is reduced to manifest your ancestor. (-10% HP)
You can breathe wild blasts of lightning.
Your glossy black scales are hard. (AC +10)
You cannot fit into any form of body armour.
((Your large and strong wings let you fly.))
You are resistant to electric shocks. (rElec)
((You are cold-blooded and may be slowed by cold attacks.))
((You are covered in fur. (AC +1)))
You occasionally lose the ability to drink potions when taking damage.


Message History

Your surroundings suddenly seem different.
As you read the scroll of butterflies, it crumbles to dust.
You hear the tinkle of a tiny bell.
The frost giant misses your butterfly.
The frost giant closely misses your butterfly.
The frost giant hits your butterfly with a +3 battleaxe of freezing!!
The frost giant freezes your butterfly.
Your butterfly dies!
Your butterfly disappears in a burst of colours!
The frost giant closely misses your butterfly.
As you read the scroll of teleportation, it crumbles to dust.
You feel strangely unstable.
The fire giant hits your butterfly with a +2 great sword of flaming!
The fire giant burns your butterfly.
Your butterfly dies!
Your butterfly disappears in a burst of colours!
The frost giant gestures at you while chanting.
The bolt of cold hits your butterfly!!!
Your butterfly dies!
Your butterfly disappears in a burst of colours!
The bolt of cold hits your butterfly!!!
Your butterfly dies!
Your butterfly disappears in a burst of colours!
The bolt of cold misses your butterfly. The bolt of cold hits you!!
* * * LOW HITPOINT WARNING * * *
You swap places.
Your butterfly is engulfed in freezing vapours.
Your butterfly dies!
Your butterfly disappears in a burst of colours!
Your butterfly is engulfed in freezing vapours.
Your butterfly dies!
Your butterfly disappears in a burst of colours!
The frost giant points at you and mumbles some strange words.
The bolt of cold hits your butterfly!!
Your butterfly dies!
Your butterfly disappears in a burst of colours!
The bolt of cold hits your butterfly!!
Your butterfly dies!
Your butterfly disappears in a burst of colours!
The bolt of cold hits you!!!
You die...

#.# #.##.######
#.# #.##.......
#.# #.##...####
#.# #.####.# #.#
#†# #.#### #.#
#.####....+ #.#
#.<.....###
####b########..#
#D..bbW...# #..#
#.b○○CC~..+ ...#
#.bb###~..# ####
#.bb# #~..#
##### #)W.#
#[~~).#
..C'.....#
...#.....#
.C.C.#####


You could see a frost giant (ally target), a fire giant and a phantasmal
warrior.

Vanquished Creatures
  A juggernaut (Depths:4)
  2 golden dragons (Depths:3)
  A Tzitzimitl (Depths:2)
  A tentacled monstrosity (Depths:3)
  Mlioglotl (Spider:4)
  A lich (Depths:2)
  A walking earthen tome (Depths:3)
  Asterion (Spider:1)
  A walking frostbound tome (Depths:1)
  A titan (Depths:1)
  2 sphinxes
  Kirke (Shoals:1)
  Ilsuiw (Shoals:2)
  Donald (Spider:3)
  3 tengu reavers
  A fire giant (Depths:1)
  A ghost moth (Spider:2)
  2 emperor scorpions
  A frost giant (Depths:1)
  2 iron dragons (Depths:3)
  2 orc warlords
  3 broodmothers
  15 very ugly things
  A vampire knight (Depths:4)
  A spriggan defender (Depths:3)
  A reaper (Depths:3)
  A dire elephant (Lair:5)
  5 spark wasps
  5 merfolk impalers
  A blizzard demon (Depths:3)
  5 ettins
  5 fire dragons
  3 merfolk javelineers
  2 jiangshi (Depths:1)
  3 entropy weavers
  5 hydras
  An ogre mage (D:15)
  A rakshasa (Depths:3)
  3 ice dragons
  Fannar (D:12)
  A catoblepas (D:15)
  A hell beast (Depths:3)
  A merfolk aquamancer (Shoals:4)
  A jorogumo (Spider:4)
  2 merfolk avatars
  6 boulder beetles
  2 centaur warriors
  5 satyrs
  8 tengu warriors
  5 two-headed ogres
  The ghost of KKCryptic the Unseen, a journeyman SpEn of Dithmenos (D:12)
  A vampire mage (Depths:1)
  10 death yaks
  A deep troll earth mage (Depths:3)
  A spriggan berserker (Depths:3)
  3 orc high priests (Orc:2)
  2 alligator snapping turtles (Shoals:4)
  A deep troll shaman (Depths:1)
  A spriggan (Depths:3)
  5 hell knights
  3 skeletal warriors (Depths:2)
  A sun moth (Spider:1)
  A sixfirhy (Depths:2)
  A spectral death yak (Lair:5)
  2 pharaoh ants
  5 sea snakes
  4 steelbarb worms
  2 glowing orange brains
  A spectral anaconda (Lair:5)
  9 deep trolls
  11 orb spiders
  2 wizards (D:15)
  15 harpies
  7 necromancers
  3 orc sorcerers (Orc:2)
  11 wolf spiders
  An oklob plant (Lair:1)
  3 orc knights
  2 deep elf pyromancers
  2 fauns (Shoals:2)
  10 ugly things
  4 moths of wrath
  3 cyclopes
  15 manticores
  A fire giant skeleton (Depths:1)
  12 elephants
  3 merfolk sirens
  3 black mambas
  A centaur zombie (D:15)
  5 water nymphs
  5 gargoyles
  A naga mage (D:15)
  4 torpor snails
  A smoke demon (Depths:2)
  A spriggan zombie (Depths:1)
  An orange demon (Depths:2)
  3 rime drakes
  A komodo dragon (shapeshifter) (D:15)
  4 cane toads
  A dire elephant skeleton (Lair:5)
  A demonic crawler (Spider:1)
  5 komodo dragons
  A kobold demonologist (D:10)
  2 unseen horrors
  2 freezing wraiths
  6 tengu conjurers
  A spriggan skeleton (Depths:1)
  9 trolls
  16 merfolk
  5 wind drakes
  A queen bee (Spider:3)
  10 meliai
  A hornet (shapeshifter) (D:15)
  Prince Ribbit (D:7)
  19 tarantellas
  4 dream sheep
  8 snapping turtles
  6 hornets
  14 blink frogs
  7 slime creatures (D:13)
  3 centaur simulacra
  34 jumping spiders
  2 culicivoras (shapeshifter)
  25 culicivoras
  3 water elementals (Depths:2)
  3 wyverns
  A wraith (D:9)
  5 basilisks
  A human (Shoals:1)
  44 yaks
  A hog (shapeshifter) (D:14)
  4 hogs (Shoals:1)
  2 chaos spawn
  An unseen horror simulacrum (D:9)
  A steam dragon (D:9)
  7 vampire mosquitoes
  2 spectral cane toads (Lair:5)
  A warg (shapeshifter) (D:13)
  48 redbacks
  An acid dragon (D:11)
  2 wargs
  8 water moccasins
  A floating eye (shapeshifter) (D:13)
  4 black bears
  A floating eye (Depths:1)
  28 orc warriors
  A sky beast (D:6)
  An ice beast (shapeshifter) (D:15)
  9 ogres
  13 centaurs
  An elephant zombie (Lair:5)
  2 phantoms (D:5)
  Blork the orc (D:4)
  6 kobold brigands
  11 bullfrogs
  2 necrophages
  2 scorpions
  20 wights
  A cane toad simulacrum (Lair:5)
  13 killer bees
  6 howler monkeys
  3 electric eels
  7 jellies
  3 orc priests
  3 hounds
  Crazy Yiuf (D:4)
  An iron imp (D:13)
  3 gnoll boudas
  An iguana (D:7)
  12 orc wizards
  4 hell rats (Lair:2)
  34 gnolls
  9 adders
  A shadow imp (D:7)
  6 white imps
  2 ufetubi (D:4)
  3 worms
  A dart slug (D:1)
  63 orcs
  10 endoplasms
  3 giant cockroaches
  5 goblins
  11 hobgoblins
  14 jackals (D:3)
  6 quokkas
  3 ball pythons
  3 bats
  2 frilled lizards (D:1)
  10 kobolds
  4 rats
  A bush (Lair:3)
983 creatures vanquished.

Vanquished Creatures (collateral kills)
  A caustic shrike (Depths:1)
  A Tzitzimitl (Depths:2)
  A tentacled monstrosity (Depths:1)
  A lich (Depths:1)
  A sphinx (Depths:3)
  An emperor scorpion (Spider:3)
  2 fire giants
  2 iron dragons (Depths:3)
  2 ghost moths (Spider:4)
  A spriggan defender (Depths:3)
  A very ugly thing (Depths:3)
  An orc warlord (Orc:2)
  A lorocyproca (Depths:2)
  The ghost of Xiutytse the Covert, a journeyman GnDe of Gozag (Lair:3)
  4 dire elephants (Lair:5)
  A spark wasp (Spider:2)
  An ettin (Depths:1)
  3 merfolk javelineers
  A merfolk impaler (Shoals:2)
  3 fire dragons (Depths:1)
  A great orb of eyes (D:9)
  The ghost of Darkkill the Fighter, a journeyman MiHu of Nemelex Xobeh (Orc:2)
  An entropy weaver (Spider:2)
  An ice dragon (Depths:4)
  A spriggan air mage (Depths:1)
  A hell beast (Depths:3)
  3 hydras
  2 merfolk avatars
  A centaur warrior (D:9)
  2 two-headed ogres
  A death knight (D:14)
  2 merfolk aquamancers (Shoals:4)
  A naga warrior (Orc:2)
  4 boulder beetles
  3 death yaks
  A tengu warrior (Depths:2)
  A deep troll shaman (Depths:3)
  A deep troll earth mage (Depths:1)
  Urug (Orc:2)
  3 hell knights
  3 pharaoh ants (Spider:1)
  2 steelbarb worms
  A glowing orange brain (Depths:1)
  A sea snake (Shoals:1)
  2 orb spiders
  A phantasmal warrior (Depths:4)
  An orc knight (Orc:2)
  A necromancer (Depths:2)
  6 ugly things
  5 harpies (Shoals:2)
  A mana viper (shapeshifter) (Depths:2)
  A wolf spider zombie (D:15)
  5 wolf spiders
  2 fauns (Shoals:2)
  2 moths of wrath
  2 merfolk sirens (Shoals:1)
  4 elephants
  2 manticores (Shoals:4)
  2 cyclopes
  2 centaur zombies (D:15)
  3 water nymphs (Shoals:1)
  2 naga magi (D:15)
  A cane toad (Lair:5)
  2 torpor snails
  3 demonic crawlers
  2 komodo dragons
  A kobold demonologist (D:12)
  3 freezing wraiths (D:12)
  12 merfolk
  3 meliai
  A troll (D:12)
  3 slime creatures (D:13)
  2 hornets
  10 tarantellas
  A dream sheep (Shoals:4)
  A snapping turtle (Shoals:1)
  10 jumping spiders
  An ettin skeleton (Depths:1)
  A shadow (D:10)
  8 culicivoras
  2 wyverns (D:10)
  A wraith (D:9)
  A water elemental (Shoals:1)
  8 yaks
  A hog (Shoals:1)
  A basilisk (Lair:4)
  14 redbacks
  2 vampire mosquitoes (D:14)
  A death yak simulacrum (Lair:5)
  Menkaure (D:7)
  2 wargs (Orc:2)
  2 spectral cane toads (Lair:5)
  A water moccasin (Lair:1)
  11 orc warriors
  2 ogres (D:15)
  An elephant skeleton (Lair:5)
  2 centaurs (D:11)
  3 bullfrogs
  2 kobold brigands
  7 wights
  3 killer bees
  An electric eel (Spider:1)
  A hound (D:7)
  A jelly (D:6)
  An iguana (D:5)
  A hell rat (Lair:2)
  5 orcs
  An endoplasm (Lair:5)
  5 kobolds
262 creatures vanquished.

Vanquished Creatures (others)
  A merfolk siren (Shoals:2)
  A troll (D:11)
  19 knights
  An ancestor (D:6)
  25 fulminant prisms
  33 fungi
  114 plants
  5 toadstools (D:9)
  33 withered plants (Lair:5)
232 creatures vanquished.

Grand Total: 1477 creatures vanquished

Notes
Turn   | Place    | Note
-------+----------+-------------------------------------------
     0 | D:1      | themarg the Draconian Conjurer began the quest for the Orb.
     0 | D:1      | Reached XP level 1. HP: 14/14 MP: 3/3
   403 | D:1      | Reached XP level 2. HP: 20/20 MP: 1/5
   406 | D:1      | Learned a level 2 spell: Searing Ray
  1254 | D:2      | Reached XP level 3. HP: 26/26 MP: 0/6
  2150 | D:2      | Reached XP level 4. HP: 31/33 MP: 3/8
  3029 | D:3      | Reached XP level 5. HP: 38/38 MP: 3/9
  3102 | D:3      | Reached skill level 5 in Conjurations
  4546 | D:3      | Reached XP level 6. HP: 23/45 MP: 7/11
  5713 | D:4      | Noticed Blork the orc
  5734 | D:4      | Your scales start taking on a glossy black colour.
  5734 | D:4      | Reached XP level 7. HP: 50/50 MP: 3/13
  5734 | D:4      | Gained mutation: You are resistant to electric shocks.
                  | (rElec) [Black Draconian growth]
  5853 | D:3      | Learned a level 3 spell: Dazzling Flash
  5854 | D:4      | Found an opulent altar of Gozag.
  5888 | D:4      | Reached skill level 1 in Hexes
  6168 | D:4      | Reached skill level 1 in Translocations
  6486 | D:4      | Killed Blork the orc
  6796 | D:4      | Found a staircase to the Ecumenical Temple.
  6810 | Temple   | Entered the Ecumenical Temple
  7006 | Temple   | Became a worshipper of Hepliaklqana the Forgotten
  7091 | D:4      | Found a runed translucent door.
  7092 | D:4      | Noticed Crazy Yiuf
  7137 | D:4      | Found a radiant altar of Vehumet.
  7416 | D:5      | Entered Level 5 of the Dungeon
  7529 | D:5      | Reached XP level 8. HP: 57/57 MP: 7/14
  7760 | D:5      | Reached * piety under Hepliaklqana
  8554 | D:6      | Reached skill level 5 in Spellcasting
  8867 | D:6      | Reached skill level 1 in Invocations
  9459 | D:6      | Reached XP level 9. HP: 22/50 MP: 8/16
  9674 | D:6      | Reached ** piety under Hepliaklqana
  9675 | D:6      | Remembered your ancestor Sponge as a knight
  9866 | D:6      | Learned a level 4 spell: Fulminant Prism
  9871 | D:6      | Learned a level 4 spell: Iskenderun's Mystic Blast
 10129 | D:7      | Noticed Menkaure
 10135 | D:7      | Killed Menkaure
 10246 | D:7      | Found a broken altar of Ashenzari.
 10334 | D:7      | Noticed Prince Ribbit
 10344 | D:7      | Killed Prince Ribbit
 10490 | D:7      | Reached skill level 10 in Conjurations
 10505 | D:7      | Paralysed by a hornet for 1 turns
 10506 | D:7      | Reached skill level 5 in Invocations
 11136 | D:8      | Reached skill level 1 in Transmutations
 11207 | D:8      | Reached skill level 1 in Fighting
 11207 | D:8      | Reached skill level 1 in Ice Magic
 11463 | D:8      | Reached *** piety under Hepliaklqana
 11478 | D:8      | Reached XP level 10. HP: 49/64 MP: 9/19
 12748 | D:9      | Found a shadowy altar of Dithmenos.
 12985 | D:9      | Reached skill level 1 in Air Magic
 13119 | D:9      | Noticed an eight-headed hydra
 13119 | D:9      | Noticed a deep elf pyromancer
 13782 | D:9      | Found a shimmering blue altar of Sif Muna.
 13861 | D:9      | Noticed a boulder beetle
 13991 | D:9      | Learned a level 5 spell: Irradiate
 14269 | D:10     | Entered Level 10 of the Dungeon
 14334 | D:10     | Noticed a gargoyle
 14474 | D:10     | Killed a gargoyle
 14475 | D:10     | Reached XP level 11. HP: 34/73 MP: 16/21
 14630 | D:10     | Reached skill level 5 in Ice Magic
 14666 | D:10     | Learned a level 5 spell: Freezing Cloud
 14683 | D:10     | Noticed a sixfirhy
 14825 | D:10     | Found a staircase to the Lair.
 14838 | D:10     | Reached skill level 5 in Air Magic
 15069 | D:10     | Noticed a two-headed ogre
 15077 | D:10     | Killed a two-headed ogre
 15078 | D:10     | Reached skill level 1 in Shields
 15358 | D:10     | Reached **** piety under Hepliaklqana
 15421 | D:10     | Identified the +0 pair of boots of Kaamme {rC+}
 15872 | D:11     | Found a staircase to the Orcish Mines.
 15902 | D:11     | Reached skill level 5 in Transmutations
 16153 | D:11     | Noticed a two-headed ogre
 16160 | D:11     | Killed a two-headed ogre
 16621 | Lair:1   | Entered Level 1 of the Lair of Beasts
 16678 | Lair:1   | Reached skill level 5 in Fighting
 17008 | Lair:1   | Reached XP level 12. HP: 84/84 MP: 20/22
 17011 | Lair:1   | Reached skill level 5 in Dodging
 17222 | Lair:1   | Noticed a boulder beetle
 17237 | Lair:1   | Killed a boulder beetle
 17440 | Lair:1   | Reached ***** piety under Hepliaklqana
 18197 | Lair:2   | You fall into a shaft and drop 1 floor!
 18550 | Lair:3   | Found a hole to the Spider Nest.
 18612 | Lair:3   | Noticed a five-headed hydra
 18692 | Lair:3   | Found a transporter.
 18696 | Lair:3   | Noticed Xiutytse's ghost (journeyman GnDe)
 18715 | Lair:3   | Reached skill level 5 in Shields
 18761 | Lair:3   | Killed a five-headed hydra
 19866 | Lair:3   | Reached skill level 10 in Invocations
 19931 | Lair:3   | Found a staircase to the Shoals.
 19965 | Lair:3   | Noticed a five-headed hydra
 19974 | Lair:3   | Found a transporter.
 20177 | Lair:3   | Noticed a five-headed hydra
 20183 | Lair:3   | Killed a five-headed hydra
 20787 | Lair:4   | Reached XP level 13. HP: 100/100 MP: 17/23
 20910 | Lair:4   | Reached skill level 10 in Fighting
 21480 | Lair:3   | HP: 3/101 [cloud of freezing vapour (10)]
 21727 | Lair:4   | HP: 5/101 [cloud of freezing vapour (10)]
 22582 | Lair:5   | Entered Level 5 of the Lair of Beasts
 22699 | Lair:5   | Found a bloodstained altar of Trog.
 23307 | Lair:5   | Found a staircase to the Slime Pits.
 23797 | Lair:5   | Found a staircase to the Slime Pits.
 23816 | Lair:5   | Found a bloodstained altar of Trog.
 23965 | Lair:5   | Reached skill level 1 in Necromancy
 24286 | Lair:5   | Noticed a dire elephant
 24286 | Lair:5   | Noticed a dire elephant
 24288 | Lair:5   | Noticed a dire elephant
 24289 | Lair:5   | Noticed a dire elephant
 24315 | Lair:5   | Killed a dire elephant
 24488 | Lair:4   | Learned a level 2 spell: Sublimation of Blood
 24509 | Lair:5   | Noticed a dire elephant
 24517 | Lair:5   | Killed a dire elephant
 24886 | Lair:5   | Gained mutation: Your large and strong wings let you fly.
                  | [Black Draconian growth]
 24886 | Lair:5   | Reached XP level 14. HP: 100/108 MP: 23/26
 25805 | D:12     | Noticed Fannar
 25833 | D:12     | Killed Fannar
 26240 | D:12     | Found a runed translucent gate.
 26240 | D:12     | Found a runed translucent gate.
 26240 | D:12     | Found a runed translucent gate.
 26244 | D:12     | Noticed KKCryptic's ghost (journeyman SpEn)
 26936 | Orc:1    | Entered Level 1 of the Orcish Mines
 27136 | Orc:2    | Entered Level 2 of the Orcish Mines
 27136 | Orc:2    | Found Foso's Book Boutique.
 27139 | Orc:2    | Noticed Urug
 27142 | Orc:2    | Noticed an orc warlord
 27991 | Orc:1    | Killed an orc warlord
 28124 | Orc:2    | Killed Urug
 28397 | Orc:2    | Found a runed translucent gate.
 28397 | Orc:2    | Found a runed translucent gate.
 28398 | Orc:2    | Found a runed translucent gate.
 28573 | Orc:2    | Noticed an orc warlord
 28574 | Orc:2    | Noticed Darkkill's ghost (journeyman MiHu)
 28595 | Orc:2    | Found Fialoi Yfuu's General Store.
 28677 | Orc:2    | Found Cueceaz's Assorted Antiques.
 28696 | Orc:2    | Noticed an orc warlord
 28706 | Orc:2    | Killed an orc warlord
 28978 | Orc:2    | Paralysed by an orc sorcerer for 2 turns
 29062 | Orc:2    | Found Mymiasi's Antique Weapon Emporium.
 29252 | Orc:2    | Found Kuucs's General Store.
 29282 | Orc:2    | Found Juxuink's Antique Armour Shoppe.
 29327 | Orc:2    | Found Oloted's Book Emporium.
 29374 | Orc:2    | Found Leumilel's Antique Armour Shop.
 29412 | Orc:2    | Found Uzokotheyto's Magic Scroll Boutique.
 29475 | Orc:2    | Found a staircase to the Elven Halls.
 29663 | Orc:2    | Found an iron altar of Okawaru.
 29684 | Orc:2    | Bought a scroll of teleportation for 33 gold pieces
 29684 | Orc:2    | Bought a scroll of fear for 44 gold pieces
 29684 | Orc:2    | Bought a scroll of teleportation for 33 gold pieces
 29684 | Orc:2    | Bought a scroll of teleportation for 33 gold pieces
 29686 | Orc:2    | Bought a scroll of identify for 22 gold pieces
 29746 | Orc:2    | Bought an Inescapable Atlas for 448 gold pieces
 29749 | Orc:2    | Learned a level 2 spell: Blink
 29796 | Orc:2    | Bought 2 potions of brilliance for 128 gold pieces
 29813 | Orc:2    | Bought a scroll of magic mapping for 255 gold pieces
 29813 | Orc:2    | Bought a scroll of teleportation for 102 gold pieces
 29813 | Orc:2    | Bought a wand of acid (4) for 571 gold pieces
 30063 | D:13     | Reached skill level 1 in Evocations
 30258 | D:13     | Reached XP level 15. HP: 118/118 MP: 25/27
 30437 | D:13     | Reached ****** piety under Hepliaklqana
 30900 | D:13     | Found a gate to the Vaults.
 31389 | D:14     | Found Daessami's Antique Weapon Shoppe.
 32644 | D:15     | Entered Level 15 of the Dungeon
 32650 | D:15     | Found Nodwo's Assorted Antiques.
 32656 | D:15     | Found Towkies's Assorted Antiques.
 32675 | D:15     | Bought a scroll of blinking for 292 gold pieces
 32823 | D:15     | Found Qonenn's Assorted Antiques.
 32824 | D:15     | Found Tute's Weapon Boutique.
 33167 | D:15     | Found a staircase to the Depths.
 33275 | D:15     | Identified a scroll of acquirement
 33276 | D:15     | Acquired the +4 kite shield "Xuwutir" {+Inv Slay+2}
 33879 | D:4      | Killed Crazy Yiuf
 34558 | D:9      | Found a sparkling altar of Nemelex Xobeh.
 34563 | D:9      | Found a glowing golden altar of the Shining One.
 34566 | D:9      | Found a white marble altar of Elyvilon.
 34568 | D:9      | Found a glowing silver altar of Zin.
 34573 | D:9      | Found a blossoming altar of Fedhas.
 35242 | Lair:3   | Killed Xiutytse's ghost
 35307 | Lair:3   | Identified the +1 gold dragon scales of the Stone Wall
                  | {rPois rF+ rC+ Will+ SInv}
 35639 | Shoals:1 | Entered Level 1 of the Shoals
 35639 | Shoals:1 | Noticed Kirke
 35651 | Shoals:1 | Reached skill level 10 in Spellcasting
 35651 | Shoals:1 | Noticed a sphinx
 35652 | Shoals:1 | Killed Kirke
 35653 | Shoals:1 | Reached skill level 10 in Air Magic
 35714 | Shoals:1 | Reached skill level 5 in Evocations
 36849 | Shoals:1 | Reached XP level 16. HP: 120/125 MP: 30/30
 37341 | Shoals:2 | Noticed Roxanne
 37536 | Shoals:2 | Noticed Ilsuiw
 37547 | Shoals:2 | Reached skill level 10 in Transmutations
 37748 | Shoals:2 | Killed Ilsuiw
 39067 | Shoals:3 | Identified the +0 ring mail "Ducase" {Str+3 Int+3 Dex-2}
 39662 | Shoals:4 | Entered Level 4 of the Shoals
 40076 | Shoals:4 | Got a barnacled rune of Zot
 40920 | Shoals:4 | Found Xeplyamp's Self-Improvement Boutique.
 41436 | Spider:1 | Entered Level 1 of the Spider Nest
 41613 | Spider:1 | Reached XP level 17. HP: 131/131 MP: 33/33
 41963 | Spider:1 | Noticed Asterion
 42443 | Spider:1 | Killed Asterion
 42883 | Spider:1 | Gained mutation: You occasionally shout uncontrollably at
                  | your foes. [mutagenic glow]
 44982 | Spider:2 | Gained mutation: You occasionally lose the ability to read
                  | scrolls when taking damage. [mutagenic glow]
 45041 | Spider:1 | Lost mutation: You occasionally lose the ability to read
                  | scrolls when taking damage. [potion of mutation]
 45041 | Spider:1 | Lost mutation: You occasionally shout uncontrollably at
                  | your foes. [potion of mutation]
 45041 | Spider:1 | Gained mutation: You are covered in fur. (AC +1) [potion of
                  | mutation]
 45041 | Spider:1 | Gained mutation: You have large cloven feet. [potion of
                  | mutation]
 46820 | Spider:3 | Noticed Donald
 46829 | Spider:3 | Killed Donald
 47007 | Spider:3 | HP: 4/131 [shot self (12)]
 48176 | Spider:3 | Identified the +1 cloak of the Mind {rF- rN+ rCorr}
 48338 | Spider:3 | Found a transporter.
 48341 | Spider:3 | Noticed Zonian's ghost (adept DjIE)
 48366 | Spider:3 | Found the +3 giant club "Skullcrusher" {speed, Str+7}
 48368 | Spider:3 | Found a transporter.
 48567 | Spider:4 | Entered Level 4 of the Spider Nest
 49405 | Spider:4 | Reached XP level 18. HP: 73/138 MP: 5/36
 50595 | Spider:4 | Noticed Mlioglotl
 50604 | Spider:4 | Killed Mlioglotl
 51074 | Spider:4 | Identified the +1 hat of Jias Ciz {*Slow rElec Will+}
 51091 | Spider:4 | Got a gossamer rune of Zot
 51171 | Spider:4 | Learned a level 7 spell: Storm Form
 51579 | Depths:1 | Entered Level 1 of the Depths
 51594 | Depths:1 | Reached skill level 15 in Air Magic
 51674 | Depths:1 | Identified the +2 mace "Riybbypa" {vorpal, Drain rN++
                  | Str+5}
 51701 | Depths:1 | Found a gateway to Hell.
 51724 | Depths:1 | Reached skill level 15 in Spellcasting
 51925 | Depths:1 | Found a hide-covered altar of Uskayaw.
 51966 | Depths:1 | Reached skill level 5 in Translocations
 52064 | Depths:1 | Learned a level 4 spell: Manifold Assault
 52837 | Depths:1 | Paralysed by a floating eye for 3 turns
 52953 | Depths:1 | Noticed a caustic shrike
 52960 | Depths:1 | Killed a caustic shrike
 53707 | Depths:1 | Noticed a tentacled monstrosity
 53712 | Depths:1 | Killed a tentacled monstrosity
 53724 | Depths:1 | Noticed a lich
 53737 | Depths:1 | Killed a lich
 54077 | Depths:2 | Found a one-way gateway to a ziggurat.
 54098 | Depths:2 | Identified the +1 robe of Privacy {Dex+4 Stlth+}
 54134 | Depths:2 | Noticed a Tzitzimitl
 54500 | Depths:2 | Lost mutation: You have large cloven feet. [mutagenic glow]
 54502 | Depths:2 | Paralysed by a sphinx for 4 turns
 54768 | Depths:2 | Noticed a lich
 54768 | Depths:2 | Noticed a Tzitzimitl
 55092 | D:12     | Killed KKCryptic's ghost
 55093 | D:12     | Reached XP level 19. HP: 141/151 MP: 21/38
 55140 | D:12     | Learned a level 7 spell: Dragon Form
 55502 | Orc:2    | Killed Darkkill's ghost
 56075 | Depths:2 | Found a shadowy altar of Dithmenos.
 56419 | Depths:2 | Killed a Tzitzimitl
 56948 | Depths:2 | Found a one-way gate to the infinite horrors of the Abyss.
 57076 | Depths:2 | Killed a Tzitzimitl
 57720 | Depths:2 | Found a one-way gate leading to the halls of Pandemonium.
 58133 | Depths:3 | Reached skill level 15 in Fighting
 58185 | Depths:3 | Gained mutation: You occasionally lose the ability to drink
                  | potions when taking damage. [mutagenic glow]
 58291 | Depths:3 | Identified the +7 morningstar of Moderation {speed, Dex+3}
 58838 | Depths:3 | Noticed a golden dragon
 58841 | Depths:3 | Noticed a golden dragon
 58843 | Depths:3 | Identified the +3 leather armour "Voewk" {Dex+7}
 58849 | Depths:3 | Killed a golden dragon
 58852 | Depths:3 | Killed a golden dragon
 59132 | Depths:3 | Reached skill level 5 in Necromancy
 59317 | Depths:4 | Entered Level 4 of the Depths
 59317 | Depths:4 | Noticed a juggernaut
 59323 | Depths:4 | Killed a juggernaut
 59495 | Depths:4 | Killed from afar by a frost giant

Illustrated notes

Levels and vault maps discovered:
D:1:      eino_arrival_tree_alley, layout_basic, serial_curves, eino_curves_04,
          eino_curves_04
D:2:      layout_loops_corners, kennysheep_minor_cross, minmay_pentomino_z2
D:3:      lemuel_castle_with_subvaults [lemuel_castle_interior_original],
          layout_basic
D:4:      layout_cave_pools, mainiacjoe_overflow_24_doors,
          nicolae_gozag_seed_capital, minmay_temple_entry_purple_smoke,
          hangedman_abyss_or_decor_jellyfish_corner, uniq_blork_the_orc,
          uniq_crazy_yiuf_cottage
D:5:      layout_gridville
D:6:      layout_gridville
D:7:      layout_cave_pools, nicolae_overflow_hidden_temple,
          minmay_starry_boxes, uniq_prince_ribbit1, uniq_menkaure
D:8:      layout_loops_ring
D:9:      nzn_winding_woodlands_large [nzn_winding_woodlands_5x5_open_star,
          nzn_winding_woodlands_5x15_split_checker,
          nzn_winding_woodlands_5x5_perimeter,
          nzn_winding_woodlands_center_triple_pond,
          nzn_winding_woodlands_15x15_boxy_spiral,
          nzn_winding_woodlands_center_lodge, nzn_winding_woodlands_5x5_cross,
          nzn_winding_woodlands_5x15_sidewinder,
          nzn_winding_woodlands_5x5_default], layout_basic, tgw_sif,
          nicolae_overflow_hallway_of_the_gods, minmay_gold_behind_fungi
D:10:     layout_rooms, david_lair_generic
D:11:     layout_roguey, hiddenorc1_lemuel
D:12:     layout_small_grid, gammafunk_ghost_spectres, uniq_fannar
D:13:     kennysheep_demon_hangout, layout_layer_cave, david_vaults_2
D:14:     layout_basic, serial_shops, nicolae_shop_competitors_out_of_business,
          roderic_lattice_octagonal_star, moated_statue
D:15:     grunt_enter_depths_magical_seal, layout_loops_ring, serial_shops,
          shop, shop, nicolae_shop_crystal, nicolae_shop_stone,
          serial_bayou_pond_b
Temple:   nicolae_temple_bog_church
Lair:1:   layout_long_grid, minmay_shattered_shrine, grunt_megastairs_4
Lair:2:   dreamdust_cave_troll, layout_cave_pods
Lair:3:   layout_small_grid, minmay_shoals_entry_lonely_mermaid,
          nicolae_spider_entry_tight_spaces, gammafunk_ghost_berserking_beasts
Lair:4:   beast_lair_carwin_large_4, layout_regular_city, serial_bayou_shore_a
Lair:5:   due_jungle_book, layout_regular_city, nicolae_slime_entry_slimehenge,
          basic_altar, bobbens_ice_dragon_lair, serial_bayou_shore_b,
          infiniplex_staircase_pool_2
Shoals:1: layout_shoals, uniq_kirke
Shoals:2: layout_shoals, uniq_ilsuiw, uniq_roxanne
Shoals:3: layout_shoals
Shoals:4: shoals_end_hangedman, layout_shoals, shoals_ilsuiw_ice,
          nicolae_shop_self_help
Spider:1: layout_spider_delve, nicolae_spider_orb_run,
          hangedman_spider_tarantella_strand, uniq_asterion
Spider:2: layout_chambers
Spider:3: layout_spider_delve, gammafunk_ghost_mausoleum, special_room
          [special_room_bee], nicolae_spider_jagged_tunnels, uniq_donald
Spider:4: spider_rune_water, uniq_mlioglotl
Orc:1:    layout_diamond_mine
Orc:2:    grunt_orc_gardens, layout_caves, grunt_orc_garden, grunt_orc_garden,
          grunt_orc_garden, grunt_orc_garden, gammafunk_ghost_fury_of_okawaru,
          serial_shops, nicolae_shop_waterfront, shop, shop, shop,
          nicolae_shop_statue_plus, uniq_urug
Depths:1: nicolae_hexawheel, layout_gridlike, hangedman_abyss_entry_splay,
          nicolae_uskayaw_en_pointe, hell_entry, zin_angel
Depths:2: cheibrodos_tormentor_scu, layout_cave_pools, enter_ziggurat_f,
          abyss_entry, grunt_dithmenos_smoke, serial_column_ruins,
          column_ruins_portal_squares, column_ruins_hut, column_ruins_grid_1,
          column_ruins_columns_dead_end, column_ruins_grid_1, hell_entry,
          rand_demon_pan_entry_9, serial_bayou_lagoon_a, grunt_ministairs_12
Depths:3: minmay_containers, layout_cross, grunt_mini_vestibule, abyss_entry
Depths:4: evilmike_zot_entry_basic, layout_gridlike, abyss_entry, serial_shops,
          statue_bzr, nicolae_shop_bloodbath_and_beyond, nicolae_shop_trees,
          pf_hell_entry_tar_river, chequers_serial_rivers_micro_d,
          grunt_megastairs_3

Skill      XL: |  1  2  3  4  5  6  7  8  9 10 11 12 13 14 15 16 17 18 19 |
---------------+----------------------------------------------------------+-----
Stealth        | 2 3 4 |  4.1
Spellcasting   | 3 4 5 6 7 8 10 12 14 15 | 15.5
Conjurations   | 5 6 7 9 10 12 | 12.0
Hexes          | 2 3 |  3.0
Translocations | 1 3 7 |  7.0
Invocations    | 3 5 6 7 10 12 13 14 | 14.5
Transmutations | 2 4 5 8 10 12 13 14 | 14.4
Fighting       | 1 3 5 9 10 12 14 15 | 15.2
Dodging        | 2 3 4 5 7 |  7.0
Ice Magic      | 2 4 5 7 |  7.0
Air Magic      | 2 6 8 10 12 14 15 | 15.0
Shields        | 3 5 6 7 |  7.0
Necromancy     | 2 5 |  5.0
Evocations     | 1 5 6 |  6.3

Action                   |  1- 3 |  4- 6 |  7- 9 | 10-12 | 13-15 | 16-18 | 19-21 || total
-------------------------+-------+-------+-------+-------+-------+-------+-------++-------
Melee: Unarmed           |    18 |       |       |       |       |   113 |   248 ||   379
       Tailslap          |     4 |     1 |     1 |     6 |    10 |     4 |    11 ||    37
       Punch             |     2 |       |       |       |       |     1 |     1 ||     4
       Short sword       |     6 |    18 |       |       |       |       |       ||    24
       Flail             |       |       |     1 |       |       |       |       ||     1
       Mace              |       |       |     4 |    18 |    38 |    13 |       ||    73
       Staff             |       |       |       |       |       |     5 |     4 ||     9
       Bite              |       |       |       |       |       |       |     9 ||     9
 Cast: Magic Dart        |    59 |    68 |    89 |    80 |    76 |    79 |       ||   451
       Searing Ray       |     6 |    38 |    68 |    92 |   158 |   180 |       ||   542
       Dazzling Flash    |       |       |     6 |    12 |    16 |     1 |       ||    35
       Iskenderun's Myst |       |       |       |    31 |   159 |   217 |     9 ||   416
       Fulminant Prism   |       |       |       |     5 |    17 |     3 |       ||    25
       Irradiate         |       |       |       |     1 |    31 |    53 |       ||    85
       Freezing Cloud    |       |       |       |    52 |   172 |   272 |    11 ||   507
       Sublimation of Bl |       |       |       |       |     6 |    28 |    16 ||    50
       Manifold Assault  |       |       |       |       |       |    42 |   141 ||   183
       Storm Form        |       |       |       |       |       |    23 |     7 ||    30
       Dragon Form       |       |       |       |       |       |       |    21 ||    21
Invok: Ancestor Identity |       |       |     1 |       |       |       |       ||     1
       Ancestor Life: Kn |       |       |     1 |       |       |       |       ||     1
       Recall Ancestor   |       |       |       |     1 |     2 |     3 |       ||     6
       Idealise          |       |       |       |       |     5 |     6 |     1 ||    12
 Abil: Breathe Lightning |       |       |     2 |     2 |     4 |     8 |     1 ||    17
       Evoke Invisibilit |       |       |       |       |       |     1 |       ||     1
       Blinkbolt         |       |       |       |       |       |    14 |     1 ||    15
Evoke: Wand              |       |       |       |     3 |    11 |     5 |       ||    19
       Phantom mirror    |       |       |       |       |       |     4 |     1 ||     5
       Tin of tremorston |       |       |       |       |       |     1 |       ||     1
  Use: Potion            |       |     1 |       |       |     4 |     7 |       ||    12
       Scroll            |       |     3 |     5 |    15 |    10 |     7 |     3 ||    43
 Stab: Distracted        |       |       |       |       |       |       |     2 ||     2
Armor: Skin              |     7 |     9 |    29 |    59 |   128 |   159 |    62 ||   453
Dodge: Dodged            |    12 |    46 |    43 |    67 |   160 |   202 |    72 ||   602
Block: Buckler           |       |       |       |    18 |    45 |       |       ||    63
       Kite shield       |       |       |       |       |    45 |   186 |       ||   231
       Reflection        |       |       |       |       |    10 |       |       ||    10

Table legend: (Time is in decaauts)
 A = Elapsed time spent in this place.
 B = Non-inter-level travel time spent in this place.
 C = Inter-level travel time spent in this place.
 D = Time resting spent in this place.
 E = Time spent auto-exploring this place.
 F = Levels seen in this place.
 G = Mean time per level.
                   A        B        C        D        E       F      G
               +--------+--------+--------+--------+--------+-----+--------+
         Total |  59712 |  55728 |   3984 |  21145 |  25458 |  35 | 1706.1 |
       Dungeon |  23601 |  21709 |   1892 |   5930 |  12841 |  15 | 1573.4 |
        Temple |    225 |    207 |     18 |      0 |    162 |   1 |  225.0 |
          Lair |  10020 |   9283 |    737 |   3333 |   4626 |   5 | 2004.0 |
        Shoals |   5564 |   5443 |    121 |   2200 |   2192 |   4 | 1391.0 |
   Spider Nest |   9606 |   9125 |    481 |   4589 |   2552 |   4 | 2401.5 |
  Orcish Mines |   3631 |   3195 |    436 |   1755 |    817 |   2 | 1815.5 |
        Depths |   7062 |   6765 |    297 |   3338 |   2268 |   4 | 1765.5 |
               +--------+--------+--------+--------+--------+-----+--------+

Top non-repeatable levels by time:
Depths:1: 3554 daAuts
Spider:1: 3512 daAuts
     D:3: 3434 daAuts
     D:9: 2752 daAuts
  Lair:5: 2653 daAuts
  Lair:3: 2538 daAuts
Spider:4: 2464 daAuts
   Orc:1: 2091 daAuts
Spider:2: 2085 daAuts
Depths:2: 1908 daAuts
  Lair:1: 1800 daAuts
    D:13: 1708 daAuts
  Lair:4: 1668 daAuts
     D:8: 1635 daAuts
Spider:3: 1544 daAuts
